 Dungeon Crawl Stone Soup version 0.27-a0-1325-g58a489ad9e (webtiles) character file.

Game seed: 10195659163700541720

413 HESUNTHESUNT the Shield-Bearer (level 7, -8/52 HPs)
             Began as a Djinni Fighter on June 24, 2021.
             Splashed by an acid dragon's acid (13 damage)
             ... on level 5 of the Dungeon.
             The game lasted 00:06:09 (4906 turns).

HESUNTHESUNT the Shield-Bearer (Djinni Fighter)     Turns: 4906, Time: 00:06:10

Health: -8/52      AC:  3    Str: 17    XL:     7   Next: 14%
Gold:   217        EV:  7    Int:  9    God:
                   SH:  9    Dex: 13

rFire    + + .     SeeInvis .   a - +0 long sword
rCold    x . .     Faith    .   c - +0 kite shield
rNeg     . . .     Spirit   .   b - +0 scale mail
rPois    ∞         Reflect  .   s - +0 hat
rElec    .         Harm     .   (no cloak)
rCorr    .         Rampage  .   (no gloves)
Will     .....                  (boots unavailable)
Stlth    ..........             (no amulet)
HPRegen  0.17/turn              (no ring)
MPRegen  0.00/turn              (no ring)

@: corroded, flying
A: sickness immunity, fire resistance 2, cold vulnerability 1, float, innate
caster, hp casting, extra vitality 1
a: no special abilities


You were on level 5 of the Dungeon.
You visited 1 branch of the dungeon, and saw 5 of its levels.

You collected 217 gold pieces.

Inventory:

Hand Weapons
 a - a +0 long sword (weapon)
Armour
 b - a +0 scale mail (worn)
 c - a +0 kite shield (worn)
 s - a +0 hat (worn)
Wands
 o - a wand of acid (7)
 q - a wand of flame (10)
 r - a wand of digging (6)
Scrolls
 e - 2 scrolls of magic mapping {unknown}
 f - 7 scrolls of identify {unknown}
 g - 6 scrolls of teleportation {unknown}
 h - a scroll of enchant weapon {unknown}
 i - 2 scrolls of blinking {unknown}
 n - a scroll of amnesia {unknown}
 p - a scroll of noise {unknown}
 t - a scroll of enchant armour {unknown}
Potions
 d - a potion of might
 j - a potion of attraction {unknown}
 k - 4 potions of mutation {unknown}
 l - a potion of haste {unknown}
 m - 2 potions of ambrosia {unknown}


   Skills:
 + Level 4.2 Fighting
 + Level 4.2 Long Blades
 + Level 4.2 Armour
 + Level 4.3 Shields


You couldn't memorise any spells.
You knew the following spells:

 Your Spells              Type           Power      Damage    Failure   Level
a - Sandblast             Erth           0%         2d4       99%         1
b - Poisonous Vapours     Pois/Air       0%         N/A       100%        2
c - Dazzling Flash        Conj/Hex       0%         N/A       100%        3
Your spell library was empty.


Dungeon Overview and Level Annotations

Branches:
Dungeon (5/15)
 Temple: D:4-7

Altars:
Uskayaw
Xom


Innate Abilities, Weirdness & Mutations

You are immune to sickness and miasma.
You are immune to poison.
Your flesh is very heat resistant. (rF++)
You are vulnerable to cold. (rC-)
You float through the air rather than walking.
You learn spells naturally, not from books.
Your magical power is your life essence.
You have superior vitality. (+4 HP)


Message History

The scorpion barely misses you.
You riposte.
You closely miss the scorpion.
The scorpion is moderately wounded.
You barely miss the scorpion.
The scorpion is moderately wounded.
The scorpion stings you but does no damage.
You block the scorpion's attack.
You slash the scorpion!
The scorpion is almost dead.
The scorpion stings you.
The scorpion stings you but does no damage.
You barely miss the scorpion.
The scorpion is almost dead.
You block the scorpion's attack.
You hit the scorpion.
You kill the scorpion!
You have reached level 7!
The power to cast Dazzling Flash wells up from within.
Spell assigned to 'c'.
HP restored.
You see here a scorpion corpse.
You now have 187 gold pieces (gained 6).
You now have 204 gold pieces (gained 17).
You now have 217 gold pieces (gained 13).
Found a ring mail and a leather armour.
t - a scroll labelled WAELIV KEOVIES Cast which spell? (? or * to list)
Okay, then.
An acid dragon comes into view.
The acid dragon roars!
The acid dragon spits acid at you. The splash of acid hits you.
The acid corrodes you!
You are splashed with acid!
Found a stone staircase leading up.
An acid dragon is nearby!
The acid dragon spits acid at you. The splash of acid hits you!
You are splashed with acid!
The acid dragon spits acid at you. The splash of acid hits you!
* * * LOW HITPOINT WARNING * * *
You are splashed with acid!
You die...

#..$...D...#
#.....D..# #...#
# ##...##.#
##.....#.#
##........#
#.........###
#............
###.[..@....##.
....[..........
#####.....#....
.. ##........# #.
##.#.....# #.
#####........
#.##
##...#.#.....#
...
#......#.....####
#.# #......#
#.####.## #.##


You could see an acid dragon (catching breath).

Vanquished Creatures
  A scorpion (D:5)
  A howler monkey (D:4)
  A bullfrog skeleton (D:4)
  2 centaur skeletons (D:4)
  Natasha (thrice) (D:3)
  Robin (D:3)
  7 adders
  A worm (D:3)
  A dart slug (D:1)
  An orc (D:3)
  7 bats
  5 endoplasms
  5 giant cockroaches
  12 goblins
  10 hobgoblins
  9 jackals
  4 quokkas
  5 ball pythons
  5 frilled lizards
  3 kobolds
  4 rats
88 creatures vanquished.

Notes
Turn   | Place    | Note
-------+----------+-------------------------------------------
     0 | D:1      | HESUNTHESUNT the Djinni Fighter began the quest for the
                  | Orb.
     0 | D:1      | Reached XP level 1. HP: 20/20 MP: 0/0
   167 | D:1      | Reached XP level 2. HP: 25/25 MP: 0/0
   774 | D:1      | Reached XP level 3. HP: 30/30 MP: 0/0
   774 | D:1      | Learned a level 1 spell: Sandblast
   855 | D:1      | Found a faded altar of an unknown god.
  1679 | D:2      | Reached XP level 4. HP: 17/35 MP: 0/0
  2171 | D:3      | Noticed Robin
  2280 | D:3      | Killed Robin
  2618 | D:3      | Noticed Natasha
  2621 | D:3      | Reached XP level 5. HP: 40/40 MP: 0/0
  2621 | D:3      | Learned a level 2 spell: Poisonous Vapours
  2632 | D:3      | Killed Natasha
  2829 | D:3      | Found a hide-covered altar of Uskayaw.
  3032 | D:3      | Found a shimmering altar of Xom.
  3136 | D:3      | Noticed Natasha
  3143 | D:3      | Killed Natasha
  3381 | D:3      | Noticed Natasha
  3389 | D:3      | Killed Natasha
  3390 | D:3      | Reached XP level 6. HP: 41/47 MP: 0/0
  4648 | D:5      | Entered Level 5 of the Dungeon
  4666 | D:5      | Reached XP level 7. HP: 28/52 MP: 0/0
  4666 | D:5      | Learned a level 3 spell: Dazzling Flash
  4899 | D:5      | Noticed an acid dragon
  4906 | D:5      | Splashed by an acid dragon's acid

Illustrated notes

Levels and vault maps discovered:
D:1:      dpeg_arrival_rhombus, layout_basic, ebering_ecumenical_altar_ruins
D:2:      layout_rooms, serial_park_tiny_pond
D:3:      minmay_spotlight, layout_loops_ring, nicolae_uskayaw_suspiria,
          nicolae_overflow_crystal_walls, dk_vineyard_1,
          kennysheep_generic_room_12, uniq_natasha, uniq_robin
D:4:      layout_basic
D:5:      layout_loops_ring, nicolae_dithmenos_shadow_blocks

Skill      XL: |  1  2  3  4  5  6 |
---------------+-------------------+-----
Long Blades    | 2 3 4 |  4.2
Fighting       | 4 |  4.2
Armour         | 4 |  4.2
Shields        | 4 |  4.3

Action                   |  1- 3 |  4- 6 |  7- 9 || total
-------------------------+-------+-------+-------++-------
Melee: Long sword        |   136 |   189 |       ||   325
Armor: Scale mail        |    84 |    94 |       ||   178
Dodge: Dodged            |    45 |    71 |       ||   116
Block: Kite shield       |    91 |   116 |       ||   207
       Rpst.: Long sword |    13 |    19 |       ||    32

Table legend: (Time is in decaauts)
 A = Elapsed time spent in this place.
 B = Non-inter-level travel time spent in this place.
 C = Inter-level travel time spent in this place.
 D = Time resting spent in this place.
 E = Time spent auto-exploring this place.
 F = Levels seen in this place.
 G = Mean time per level.
                   A        B        C        D        E       F      G
               +--------+--------+--------+--------+--------+-----+--------+
         Total |   5076 |   4833 |    243 |    566 |   3486 |   5 | 1015.2 |
       Dungeon |   5076 |   4833 |    243 |    566 |   3486 |   5 | 1015.2 |
               +--------+--------+--------+--------+--------+-----+--------+

Top non-repeatable levels by time:
     D:1: 1405 daAuts
     D:3: 1380 daAuts
     D:2: 1020 daAuts
     D:4: 1008 daAuts
     D:5: 262 daAuts
